 Dungeon Crawl Stone Soup version 0.29.0 (webtiles) character file.

Game seed: 8827744200958494364

25 Kosidy the Scratcher (level 2, -1/14 HPs)
             Began as a Felid Fighter on Sept 6, 2022.
             Slain by a kobold
             ... wielding a +0 whip
              (2 damage)
             ... on level 2 of the Dungeon.
             The game lasted 00:01:25 (1076 turns).

Kosidy the Scratcher (Felid Fighter)                Turns: 1076, Time: 00:01:25

Health: -1/14      AC:  1    Str: 12    XL:     2   Next: 82%
Magic:  3/3        EV: 18    Int:  9    God:
Gold:   83         SH:  0    Dex: 15    Spells: 1/1 levels left
                                        Lives:  0   Deaths: 0

rFire   . . .      SeeInvis +     - Unarmed
rCold   . . .      Faith    .   (shield unavailable)
rNeg    . . .      Spirit   .   (body armour unavailable)
rPois   .          Reflect  .   (helmet unavailable)
rElec   .          Harm     .   (cloak unavailable)
rCorr   .          Rampage  .   (gloves unavailable)
Will    .....                   (boots unavailable)
Stlth   ++........              (no amulet)
HPRegen 0.04/turn               (no ring)
MPRegen 0.08/turn               (no ring)

@: lethally poisoned (-1 -> -2), quick
A: very small, claws 1, fangs 3, see invisible, speed 1, shaggy fur 1, stealthy
paws, no weapons or thrown items, no armour, multi-lived
a: no special abilities


You were on level 2 of the Dungeon.
You visited 1 branch of the dungeon, and saw 2 of its levels.

You collected 83 gold pieces.

Inventory:

Jewellery
 e - a ring of protection from cold
Scrolls
 f - a scroll of blinking {unknown}
Potions
 a - a potion of might
 b - a potion of resistance {unknown}
 c - a potion of flight {unknown}
 d - 3 potions of curing {unknown}


   Skills:
 + Level 3.1 Fighting
 + Level 4.2 Dodging
 + Level 0.9 Stealth
 + Level 4.6 Unarmed Combat


You had one spell level left.
You didn't know any spells.
Your spell library was empty.

Dungeon Overview and Level Annotations

Branches:
Dungeon (2/15)

Altars:

Shops:
D:1 ?


Innate Abilities, Weirdness & Mutations

You have sharp claws.
You have razor-sharp teeth.
You have supernaturally acute eyesight. (SInv)
You cover ground quickly. (Speed+)
You are covered in fur. (AC +1)
Your paws help you pounce on unaware monsters.
You are incapable of wielding weapons or throwing items.
You cannot wear armour.
You gain extra lives every three experience levels.


Message History

You claw the ball python!
You kill the ball python!
You see here a ball python corpse.
f - a scroll labelled MAKLAYTO KESU
Found a stone staircase leading down.
Found a stone staircase leading up.
An endoplasm comes into view.
The endoplasm quivers.
An endoplasm is nearby!
You claw the endoplasm!
You kill the endoplasm!
An adder comes into view.
You see here a scroll labelled CIXKEETIFI.
The adder hisses angrily.
A kobold comes into view. It is wielding a +0 whip.
The adder bites you.
You are poisoned.
The adder poisons you!
You claw the adder!
The adder is severely wounded.
You feel sick. The adder bites you.
You miss the adder. Your bite misses the adder.
The adder is severely wounded.
You feel sick. The adder misses you. x2
You scratch the adder.
You kill the adder!
* * * LOW HITPOINT WARNING * * *
You feel sick.
Found 9 gold pieces.
* * * LOW HITPOINT WARNING * * *
You feel sick. The kobold closely misses you.
Things that are here:
a scroll labelled KIOSUD XUUTH; an adder corpse You completely miss the kobold.
You bite the kobold, but do no damage.
* * * LOW HITPOINT WARNING * * *
You feel sick. The kobold barely misses you.
You completely miss the kobold.
* * * LOW HITPOINT WARNING * * *
You feel sick. The kobold hits you with a +0 whip.
You die...

########### #.........#
#.........# #### #
######.........##...##..
<....#.........#........
.....#..................
.....#.....?.....K......
................@.......
...............#........
.....#.........##...#..$
.....###.####### .### .#
###### #.# .# #.# ..#
### #.#######..# ..#
##....#..<..##
#.#####............# #


You could see a kobold.

Vanquished Creatures
  An adder (D:2)
  2 bats
  4 endoplasms
  A hobgoblin (D:1)
  A ball python (D:2)
  3 goblins
  2 kobolds (D:1)
  A rat (D:1)
15 creatures vanquished.

Notes
Turn   | Place    | Note
-------+----------+-------------------------------------------
     0 | D:1      | Kosidy the Felid Fighter began the quest for the Orb.
     0 | D:1      | Reached XP level 1. HP: 10/10 MP: 2/2
   106 | D:1      | Found Zujumi's Magic Scroll Emporium.
   572 | D:1      | Found a faded altar of an unknown god.
   682 | D:1      | Reached XP level 2. HP: 14/14 MP: 3/3
  1076 | D:2      | Slain by a kobold

Illustrated notes

Levels and vault maps discovered:
D:1:      shiori_arrival_oz, layout_basic,
          chequers_ecumenical_altar_simple_redux, serial_shops, shop,
          amcnicky_mini_rare_corridor_liquid
D:2:      layout_rooms, minmay_diced_spiral

Action                   || total
-------------------------++-------
Melee: Unarmed           ||    27
       Bite              ||     2
 Stab: Sleeping          ||     4
Armor: Skin              ||     1
Dodge: Dodged            ||    10
